 Dungeon Crawl Stone Soup version 0.25-a0-185-g6cfeca75b2 (webtiles) character file.

Game seed: 8290796981766516214, levelgen mode: deterministic

185 MisterFreud the Conjurer (level 5, -2/42 HPs)
             Began as a Naga Fire Elementalist on Nov 27, 2019.
             Killed from afar by an orc wizard (8 damage)
             ... with a magic dart
             ... on level 4 of the Dungeon.
             The game lasted 00:06:36 (2974 turns).

MisterFreud the Conjurer (Naga Fire Elementalist)   Turns: 2974, Time: 00:06:36

Health: -2/42      AC:  5    Str: 10    XL:     5   Next: 64%
Magic:  8/9        EV: 10    Int: 16    God:
Gold:   231        SH:  0    Dex: 10    Spells: 6/10 levels left

rFire    . . .     SeeInvis +   t - +0 halberd
rCold    . . .     Gourm    .   (shield currently unavailable)
rNeg     . . .     Faith    .   a - +0 robe
rPois    +         Spirit   .   k - +1 helmet
rElec    .         Reflect  .   u - +0 cloak
rCorr    .         Harm     .   (no gloves)
MR       .....     Rnd*Tele +   (no barding)
Stlth    ++........             (no amulet)
HPRegen  0.14/turn              b - -2 ring of dexterity (curse)
MPRegen  0.11/turn              j - ring of teleportation (curse)

@: very slightly contaminated, very slow
A: large, see invisible, deformed body, poison resistance, slowness 2, slow
metabolism 1, spit poison 1, AC +1
a: Spit Poison


You were on level 4 of the Dungeon.
You were not hungry.

You visited 1 branch of the dungeon, and saw 4 of its levels.

You collected 231 gold pieces.

Inventory:

Hand Weapons
 r - a +3 quarterstaff of chaos
 t - a +0 halberd (weapon)
Missiles
 f - 24 bolts
 g - 30 arrows
 p - 44 stones (quivered)
 q - 25 sling bullets
Armour
 a - a +0 robe (worn)
 k - a +1 helmet (worn)
 u - a +0 cloak (worn)
Jewellery
 b - a cursed -2 ring of dexterity (left hand)
 j - a cursed ring of teleportation (right hand)
 l - a +2 ring of protection {unknown}
Scrolls
 e - 2 scrolls of fog
 v - a scroll of amnesia
Potions
 d - 3 potions of brilliance
 h - a potion of agility {unknown}
 i - a potion of berserk rage {unknown}
 n - a potion of curing
 o - a potion of magic {unknown}
 s - 2 potions of flight
Comestibles
 c - 11 rations
 m - 2 chunks of flesh


   Skills:
 - Level 1.5 Dodging
 - Level 3.0 Stealth
 + Level 3.0 Spellcasting
 + Level 3.9 Conjurations
 + Level 3.9 Fire Magic


You had 6 spell levels left.
You knew the following spells:

 Your Spells              Type           Power        Failure   Level  Hunger
a - Flame Tongue          Conj/Fire      ###..        3%          1    #......
b - Conjure Flame         Conj/Fire      ###.....     11%         3    ###....

Your spell library contained the following spells:

 Spells                   Type           Power        Failure   Level  Hunger
 Throw Flame              Conj/Fire      ###...       5%          2    ##.....
 Inner Flame              Hex/Fire       #.......     26%         3    ###....
 Sticky Flame             Conj/Fire      ###.....     36%         4    #####..
 Fireball                 Conj/Fire      ###.......   71%         5    ######.


Dungeon Overview and Level Annotations

Branches:
Dungeon (4/15)
 Temple: D:4-7

Altars:
Fedhas

Annotations:
D:3 3 runed translucent doors, Ratty's ghost, amateur MiFi


Innate Abilities, Weirdness & Mutations

You cannot wear boots.
Your serpentine skin is tough. (AC +1)
You have supernaturally acute eyesight. (SInv)
Armour fits poorly on your strangely shaped body.
Your system is resistant to poisons. (rPois)
You cover ground very slowly.
You have a slow metabolism.
You can spit poison.


Message History

Press: ? - help, Shift-Dir - straight line, f - worker ant, p - howler monkey
Aim: a worker ant You miscast Flame Tongue.
You are very lightly contaminated with residual magic.
Wisps of smoke drift from your hands. The worker ant closely misses you.
The orc wizard closely misses you. The orc hits you with a +0 club.
* * * LOW HITPOINT WARNING * * *
The howler monkey closely misses you.
The orc zaps a wand.
Some rock shatters into small pieces.
The worker ant bites you.
* * * LOW HITPOINT WARNING * * *
The orc wizard gestures at you while chanting.
The magic dart hits you.
* * * LOW HITPOINT WARNING * * *
The worker ant barely misses you.
You have got your breath back.
The worker ant waves its antennae.
The orc wizard gestures at you while chanting.
The magic dart hits you!
You die...

..# ##..## .....
#...#
########.#.##
.#......h....####
..Z....o)o......'
.#######oa...#.
#.#@#.##
#.........#
#.#.###.##.#
#.##. #..# #.# #.
#.## #.# #. #.#
## #.##.###.#
#........# ##
####.##### ..


You could see a howler monkey, a worker ant, an orc wizard and 2 orcs.

Vanquished Creatures
  Crazy Yiuf (D:4)
  Jessica (D:3)
  A worker ant (D:4)
  4 gnolls (D:3)
  An adder (D:4)
  2 worms
  A dart slug (D:1)
  A leopard gecko (D:1)
  2 orcs (D:4)
  5 bats
  A giant cockroach (D:3)
  8 goblins
  5 hobgoblins
  2 jackals (D:2)
  A quokka (D:3)
  A ball python (D:3)
  6 frilled lizards
  3 kobolds (D:1)
  A quokka skeleton (D:4)
  6 rats
53 creatures vanquished.

Vanquished Creatures (others)
  3 fungi (D:3)
  A plant (D:3)
4 creatures vanquished.

Grand Total: 57 creatures vanquished

Notes
Turn   | Place    | Note
-------+----------+-------------------------------------------
     0 | D:1      | MisterFreud the Naga Fire Elementalist began the quest for
                  | the Orb.
     0 | D:1      | Reached XP level 1. HP: 15/15 MP: 3/3
   120 | D:1      | Reached XP level 2. HP: 22/22 MP: 5/5
   792 | D:2      | Reached XP level 3. HP: 28/28 MP: 6/6
  1749 | D:3      | Found a runed translucent gate.
  1750 | D:3      | Found a runed translucent gate.
  1751 | D:3      | Found a runed translucent gate.
  1752 | D:3      | Noticed a big kobold
  1754 | D:3      | Noticed Ratty's ghost (amateur MiFi)
  1802 | D:3      | Found a blossoming altar of Fedhas.
  1982 | D:3      | Reached XP level 4. HP: 17/36 MP: 3/7
  2190 | D:3      | Learned a level 3 spell: Conjure Flame
  2289 | D:3      | Noticed Jessica
  2294 | D:3      | Killed Jessica
  2622 | D:4      | Reached XP level 5. HP: 42/42 MP: 9/9
  2631 | D:4      | Found a runed translucent door.
  2632 | D:4      | Noticed Crazy Yiuf
  2642 | D:4      | Killed Crazy Yiuf
  2974 | D:4      | Killed from afar by an orc wizard

Levels and vault maps discovered:
D:1:      dpeg_arrival_windows_large_door, layout_loops_ring
D:2:      layout_basic
D:3:      layout_loops_ring, first_ration, gammafunk_ghost_nasty_kobolds,
          fedhas_altar_1, uniq_jessica
D:4:      layout_loops_corners, gammafunk_ghost_cemetery, uniq_pikel,
          uniq_crazy_yiuf_cottage

Skill      XL: |  1  2  3  4  5 |
---------------+----------------+-----
Conjurations   | 2 3 |  3.9
Spellcasting   | 3 |  3.0
Dodging        | |  1.5
Stealth        | |  3.0
Fire Magic     | |  3.9

Action                   |  1- 3 |  4- 6 || total
-------------------------+-------+-------++-------
Melee: Unarmed           |     3 |       ||     3
       Club              |     2 |       ||     2
       Dagger            |    10 |       ||    10
       Long sword        |     2 |       ||     2
       Halberd           |       |    27 ||    27
 Cast: Flame Tongue      |    18 |    20 ||    38
 Abil: Spit Poison       |    33 |    10 ||    43
  Use: Scroll            |     6 |     2 ||     8
       Potion            |     1 |       ||     1
 Stab: Sleeping          |     1 |     1 ||     2
  Eat: Chunk             |     4 |     4 ||     8
Armor: Robe              |     3 |    11 ||    14
Dodge: Dodged            |    16 |    32 ||    48
       Rpst.: Long sword |     1 |       ||     1

Table legend:
 A = Non-vault XP
 B = Vault XP
 C = Vault XP percentage of total XP
 D = Non-vault monster count
 E = Vault monster count
 F = Vault count percentage of total count
                 A         B        C        D         E       F
            +---------+---------+-------+---------+---------+-------
      Total |     188 |      77 |  29.1 |      51 |       2 |   3.8
            +---------+---------+-------+---------+---------+-------
        D:1 |      29 |       0 |   0.0 |      17 |       0 |   0.0
        D:2 |      25 |       0 |   0.0 |      13 |       0 |   0.0
        D:3 |      73 |      37 |  33.6 |      13 |       1 |   7.1
        D:4 |      61 |      40 |  39.6 |       8 |       1 |  11.1
            +---------+---------+-------+---------+---------+-------
